 Dungeon Sprint DCSS version 0.27.1 (webtiles) character file.

Game seed: 16261728427448316055

2422 styxcanada the Unseen (level 9, -7/47 HPs)
             Began as a Spriggan Brigand on Aug 28, 2021.
             Was an Initiate of Gozag.
             Splashed by an oklob plant's acid (9 damage)
             ... in the Dungeon (Sprint IV: "Fedhas' Mad Dash").
             The game lasted 00:07:52 (804 turns).

styxcanada the Unseen (Spriggan Brigand)             Turns: 804, Time: 00:07:55

Health: -7/47      AC: -1    Str:  7    XL:     9   Next: 24%
Magic:  18/18      EV: 22    Int: 13    God:    Gozag
Gold:   934        SH:  6    Dex: 19    Spells: 12/19 levels left

rFire    . . .     SeeInvis +   a - +2 dagger
rCold    . . .     Faith    .   o - +0 buckler
rNeg     + . .     Spirit   .   q - +0 robe {rN+}
rPois    .         Reflect  .   (helmet restricted)
rElec    .         Harm     .   c - +0 cloak
rCorr    .         Rampage  .   (gloves unavailable)
Will     +....     NoTele   +   (boots unavailable)
Stlth    ++++++++..             l - amulet of invisibility {+Inv}
HPRegen  0.15/turn              (no ring)
MPRegen  0.16/turn              (no ring)

@: corroded, gold aura, on berserk cooldown, very slightly contaminated, slowed,
invisible, quick
A: very small, no large weapons, unfitting armour, see invisible, speed 3
a: Renounce Religion, Evoke Invisibility, Potion Petition, Call Merchant, Bribe
Branch


You were in the Dungeon.
You worshipped Gozag.
Gozag was pleased with you.
You visited 1 branch You collected 1277 gold pieces.
You spent 343 gold pieces at shops.

Inventory:

Hand Weapons
 a - a +2 dagger (weapon)
 n - a +2 rapier of flaming
Missiles
 b - 19 sling bullets
 d - 8 poisoned darts
 e - 2 curare-tipped darts (quivered)
 m - 20 stones
Armour
 c - a +0 cloak (worn)
 o - a +0 buckler (worn)
 q - a +0 robe of positive energy (worn)
Jewellery
 l - the amulet of invisibility (around neck) {+Inv}
   (You found it in the Dungeon)

   [amulet of nothing]

   +Inv:      It lets you turn invisible.
Scrolls
 k - a scroll of blinking
Potions
 f - a potion of curing
 g - a potion of heal wounds
 h - a potion of haste
 i - 2 potions of magic
 s - 2 potions of attraction {unknown}
 w - a potion of might
Miscellaneous
 p - a box of beasts


   Skills:
 * Level 5.4 Fighting
 + Level 4.8 Short Blades
 + Level 4.6 Throwing
 * Level 8.4 Dodging
 * Level 20.9 Stealth
 + Level 0.2 Shields
 * Level 5.9 Spellcasting
 * Level 3.7 Conjurations
 * Level 4.0 Fire Magic
 * Level 8.6 Evocations


You had 12 spell levels left.
You knew the following spells:

 Your Spells              Type           Power      Damage    Failure   Level
a - Conjure Flame         Conj/Fire      14%        6-21      17%         3
b - Sticky Flame          Conj/Fire      14%        2d4       50%         4

Your spell library contained the following spells:

 Spells                   Type           Power      Damage    Failure   Level
 Beastly Appendage        Tmut           6%         N/A       28%         1
 Wereblood                Tmut           3%         N/A       38%         2
 Ignite Poison            Fire/Tmut/Pois 7%         N/A       43%         3
 Portal Projectile        Hex/Tloc       6%         N/A       63%         3
 Spider Form              Tmut/Pois      1%         N/A       63%         3
 Blade Hands              Tmut           1%         N/A       100%        5
 Excruciating Wounds      Necr           1%         N/A       100%        5


Dungeon Overview and Level Annotations

Branches:
Dungeon (1/1)

Altars:
Cheibriados
Dithmenos
Elyvilon
Gozag
Hepliaklqana
Kikubaaqudgha
Makhleb
Nemelex Xobeh
Okawaru
Qazlal
Ru
Sif Muna
Trog
Uskayaw
Vehumet
Wu Jian
Xom
Yredelemnul
Zin
The Shining One
Beogh
Jiyva
Lugonu

Shops:
D [(**

Annotations:
D exclusions: oklob plant and oklob sapling


Innate Abilities, Weirdness & Mutations

You are very small and have problems with some larger weapons.
You are too small for most types of armour.
You have supernaturally acute eyesight. (SInv)
You cover ground extremely quickly. (Speed+++)


Message History

You see here 45 gold pieces.
You feel a strong urge to attack something.
You hit the oklob plant but do no damage.
You are no longer berserk.
You are exhausted.
You feel yourself slow down.
You strike the helpless oklob plant from behind!
You impale the oklob plant!!
The oklob plant is severely damaged.
The oklob sapling is distracted by your dazzling golden aura.
You hit the oklob plant.
The oklob plant is severely damaged.
The oklob sapling is no longer distracted by gold.
You hit the oklob plant but do no damage.
The oklob plant is severely damaged.
You hit the oklob plant but do no damage.
The oklob plant is heavily damaged.
The oklob plant is distracted by your dazzling golden aura.
You are already invisible!
You hit the oklob plant but do no damage.
The oklob plant is no longer distracted by gold.
The oklob plant is heavily damaged.
The oklob plant spits acid at something.
You hit the oklob sapling.
The oklob sapling is lightly damaged.
Unknown command.
You hit the oklob plant but do no damage.
The oklob plant is heavily damaged.
The oklob sapling spits acid at you. The splash of acid misses you.
The oklob sapling spits acid at you. The splash of acid hits you!
The acid corrodes you!
You are splashed with acid!
You hit the oklob sapling but do no damage.
The oklob sapling is lightly damaged.
The oklob plant spits acid at you. The splash of acid hits you!
* * * LOW HITPOINT WARNING * * *
You are splashed with acid!
You die...
Your body crumbles into a pile of gold.

#<...#....†#.....#.⌠._._._._.⌠
#PP..'.....'.#...'.._._._._._.
#PPPP#.....#.#...#..._._._._..
###############'##.._._._._._.
#...♣........'...#._._._._._.⌠
#......♣.....#...#############
#.....♣..♣..######
##'####'######P|+
#[.#....'..$.@..#
#.[#..###$...P..# $ $$ #######
#########


You could see an oklob plant and an oklob sapling.

Vanquished Creatures
  An oklob plant (D)
  A queen bee (D)
  3 burning bushes (D)
  3 wandering mushrooms (D)
  3 scorpions (D)
  4 killer bees (D)
  4 oklob saplings (D)
  2 spriggans (D)
  A river rat (D)
  A rat (D)
23 creatures vanquished.

Vanquished Creatures (others)
  A fungus (D)
1 creature vanquished.

Grand Total: 24 creatures vanquished

Notes
Turn   | Place    | Note
-------+----------+-------------------------------------------
     0 | D        | styxcanada the Spriggan Brigand began the quest for the
                  | Orb.
     0 | D        | Reached XP level 1. HP: 10/10 MP: 2/2
    20 | D        | Reached skill level 7 in Stealth
    20 | D        | Reached XP level 2. HP: 15/15 MP: 3/3
    36 | D        | Reached skill level 8 in Stealth
    49 | D        | Noticed an oklob sapling
    51 | D        | Killed an oklob sapling
    52 | D        | Reached skill level 9 in Stealth
    52 | D        | Reached XP level 3. HP: 18/18 MP: 4/4
    53 | D        | Noticed a scorpion
    53 | D        | Found the amulet of invisibility {+Inv}
    55 | D        | Killed a scorpion
    56 | D        | Reached skill level 12 in Stealth
    56 | D        | Reached XP level 4. HP: 23/23 MP: 5/5
    83 | D        | Found an opulent altar of Gozag.
    83 | D        | Found a hazy altar of Hepliaklqana.
    83 | D        | Found a burning altar of Makhleb.
    83 | D        | Found a sparkling altar of Nemelex Xobeh.
    83 | D        | Found a snail-covered altar of Cheibriados.
    83 | D        | Found a sacrificial altar of Ru.
    83 | D        | Found a shimmering blue altar of Sif Muna.
    83 | D        | Found a shimmering altar of Xom.
    83 | D        | Found a basalt altar of Yredelemnul.
    84 | D        | Found a viscous altar of Jiyva.
    84 | D        | Found a bloodstained altar of Trog.
    84 | D        | Found an ornate altar of the Wu Jian Council.
    85 | D        | Found an iron altar of Okawaru.
    85 | D        | Found a shadowy altar of Dithmenos.
    85 | D        | Found a glowing silver altar of Zin.
    86 | D        | Found an ancient bone altar of Kikubaaqudgha.
    86 | D        | Found a hide-covered altar of Uskayaw.
    87 | D        | Found a stormy altar of Qazlal.
    87 | D        | Found a white marble altar of Elyvilon.
    87 | D        | Found a glowing golden altar of the Shining One.
    88 | D        | Became a worshipper of Gozag Ym Sagoz the Greedy
    89 | D        | Found a corrupted altar of Lugonu.
    89 | D        | Found a radiant altar of Vehumet.
    93 | D        | Reached skill level 13 in Stealth
    93 | D        | Reached skill level 1 in Evocations
    93 | D        | Reached XP level 5. HP: 28/28 MP: 3/6
   141 | D        | Reached skill level 14 in Stealth
   147 | D        | Reached skill level 5 in Dodging
   148 | D        | Reached skill level 15 in Stealth
   150 | D        | Reached XP level 6. HP: 33/33 MP: 5/7
   180 | D        | Learned a level 3 spell: Conjure Flame
   185 | D        | Found Vilousi's Weapon Shop.
   186 | D        | Found Qalem's Antique Armour Emporium.
   191 | D        | Bought a glowing robe for 96 gold pieces
   210 | D        | Noticed a burning bush
   210 | D        | Noticed a wandering mushroom
   211 | D        | Noticed a wandering mushroom
   214 | D        | Killed a burning bush
   215 | D        | Reached skill level 16 in Stealth
   215 | D        | Reached skill level 1 in Conjurations
   215 | D        | Reached skill level 1 in Fire Magic
   215 | D        | Killed a wandering mushroom
   216 | D        | Reached skill level 17 in Stealth
   216 | D        | Reached skill level 5 in Evocations
   216 | D        | Reached XP level 7. HP: 38/38 MP: 5/13
   216 | D        | Killed a wandering mushroom
   217 | D        | Reached skill level 18 in Stealth
   248 | D        | Found Fitie's General Store.
   248 | D        | Found Rufut's Assorted Antiques.
   256 | D        | Bought a fizzy green potion for 26 gold pieces
   256 | D        | Bought a fizzy green potion for 26 gold pieces
   256 | D        | Bought 2 brown potions for 52 gold pieces
   256 | D        | Bought a scroll labelled QIEMPOTING for 29 gold pieces
   256 | D        | Bought a scroll labelled JIMEFU SUWAUSI for 29 gold pieces
   256 | D        | Bought a scroll labelled HUIGRU DISAESH for 29 gold pieces
   258 | D        | Bought a potion of might for 56 gold pieces
   301 | D        | Learned a level 4 spell: Sticky Flame
   336 | D        | Reached XP level 8. HP: 42/42 MP: 12/15
   342 | D        | Noticed a queen bee
   349 | D        | Killed a queen bee
   350 | D        | Reached skill level 19 in Stealth
   410 | D        | Noticed an oklob plant
   413 | D        | Killed an oklob plant
   414 | D        | Reached skill level 5 in Fighting
   414 | D        | Reached skill level 20 in Stealth
   414 | D        | Reached skill level 5 in Spellcasting
   424 | D        | Noticed a burning bush
   427 | D        | Killed a burning bush
   500 | D        | Noticed a burning bush
   500 | D        | Noticed an oklob plant
   501 | D        | Noticed a wandering mushroom
   786 | D        | Killed a burning bush
   787 | D        | Reached XP level 9. HP: 47/47 MP: 16/18
   792 | D        | Killed a wandering mushroom
   804 | D        | HP: 2/47 [oklob plant/splash of acid (13)]
   804 | D        | Splashed by an oklob plant's acid

Illustrated notes

Levels and vault maps discovered:
D:        dungeon_sprint_fedhas [sprint_temple]

Skill      XL: |  1  2  3  4  5  6  7  8  9 |
---------------+----------------------------+-----
Dodging        | 2 3 4 5 6 7 8 |  8.4
Stealth        | 7 9 12 13 15 17 18 20 | 20.9
Fighting       | 2 3 4 5 |  5.4
Throwing       | 3 4 |  4.6
Short Blades   | 3 4 |  4.8
Evocations     | 1 3 5 8 |  8.6
Spellcasting   | 3 4 5 |  5.9
Conjurations   | 2 3 |  3.7
Fire Magic     | 2 3 4 |  4.0
Shields        | |  0.2

Action                   |  1- 3 |  4- 6 |  7- 9 || total
-------------------------+-------+-------+-------++-------
Melee: Dagger            |    11 |     7 |    49 ||    67
Throw: Dart              |     9 |       |       ||     9
 Abil: Evoke Invisibilit |       |     3 |     4 ||     7
  Use: Scroll            |       |       |     4 ||     4
       Potion            |       |       |     1 ||     1
 Stab: Sleeping          |     3 |     7 |     9 ||    19
       Invisible         |       |       |     3 ||     3
       Distracted        |       |       |     1 ||     1
Armor: Robe              |       |       |     1 ||     1
Dodge: Dodged            |     6 |       |    10 ||    16
Block: Buckler           |       |       |     3 ||     3
